 Dungeon Crawl Stone Soup version 0.18.1-5-g4a78601 (webtiles) character file.

333 theY the Skirmisher (level 6, 0/56 HPs)
             Began as a Hill Orc Fighter on May 10, 2016.
             Slain by Blork the orc
             ... wielding a +0 flail
              (5 damage)
             ... on level 4 of the Dungeon.
             The game lasted 00:04:18 (2576 turns).

theY the Skirmisher (Hill Orc Fighter)              Turns: 2576, Time: 00:04:19

Health: 0/56       AC:  9    Str: 19    XL:     6   Next: 52%
Magic:  6/6        EV:  8    Int: 10    God:
Gold:   169        SH:  9    Dex: 10    Spells: 0 memorised, 5 levels left

rFire  . . .     SeeInvis .     a - +0 war axe
rCold  . . .     Gourm    .     b - +0 scale mail
rNeg   . . .     Faith    .     c - +0 shield
rPois  .         Spirit   .     t - +0 helmet
rElec  .         Dismiss  .     w - +0 cloak
rCorr  .         Reflect  .     (no gloves)
SustAt .         Harm     +     (no boots)
MR     .....                    s - amulet of harm
Stlth  ..........               (no ring)
                                (no ring)

@: slowed, very slow, not resistant to hostile enchantments, extremely
unstealthy
A: no striking features
a: no special abilities


You were on level 4 of the Dungeon.
You were hungry.

You visited 1 branch of the dungeon, and saw 4 of its levels.

You collected 169 gold pieces.

Inventory:

Hand Weapons
 a - a +0 war axe (weapon)
Missiles
 q - 8 poisoned needles
Armour
 b - a +0 scale mail (worn)
 c - a +0 shield (worn)
 t - a +0 helmet (worn)
 w - a +0 cloak (worn)
Jewellery
 s - an amulet of harm (around neck)
Wands
 o - a wand of digging (11/24)
Scrolls
 k - 4 scrolls of fear {unknown}
 l - 2 scrolls of identify {unknown}
 n - 3 scrolls of remove curse {unknown}
 p - 2 scrolls of teleportation {unknown}
 r - a scroll of enchant weapon {unknown}
 x - a scroll of amnesia {unknown}
 y - a scroll of immolation {unknown}
Potions
 d - 2 potions of might
 e - 2 potions of degeneration {unknown}
 i - 2 potions of haste {unknown}
 j - a potion of heal wounds {unknown}
 u - 4 potions of curing {unknown}
 v - a potion of mutation {unknown}
Comestibles
 f - 3 bread rations
 g - a royal jelly
 h - 2 slices of pizza
 m - a meat ration


   Skills:
 + Level 5.0 Fighting
 + Level 4.2 Axes
 + Level 4.7 Armour
 + Level 1.7 Dodging
 + Level 0.8 Stealth
 + Level 4.4 Shields


You had 5 spell levels left.
You didn't know any spells.

Dungeon Overview and Level Annotations

Branches:
Dungeon (4/15)
 Temple: D:4-7

Altars:
Kikubaaqudgha

Annotations:
D:4 Blork the orc


Message History

You hear some strange, mumbled words.
A magic dart appears from out of thin air!
The magic dart hits you!
You barely miss something.
You hear a zap.
You feel as though you will be slow longer.
You block something's attack.
You hear some strange, mumbled words.
A puff of flame appears from out of thin air!
The puff of flame hits you!
* * * LOW HITPOINT WARNING * * *
You closely miss something.
You hear a zap.
Something tries to affect you, but you resist.
You hear a zap.
You feel as though you will be slow longer.
Something hits you.
* * * LOW HITPOINT WARNING * * *
You miss something. Something hits you.
You die...

####### #........# ......^
#........#########
#........... .... ######
#.........# #.. #....#
#.........# #.# #....#
####.........#####.# #....+
..##.........#.....##
#....####.##@..........%.....
#....#..............##......#
#....#.##.#.##.......<......#
#.(..#.##.#.##.###.###......#
####'##.##.#.##.###.# #......#
#....<..............###......#
#.#..##.###..................#
# #..##.# #.###.#.........#.##
#..##.###.###.#.#######.#.#


There were no monsters in sight!

Vanquished Creatures
  An ogre (D:4)
  A hound (D:4)
  Crazy Yiuf (D:3)
  Ijyb (D:3)
  A worker ant (D:4)
  3 gnolls (D:2)
  4 adders
  An ooze (D:1)
  An adder skeleton (D:3)
  2 worms (D:2)
  2 dart slugs
  3 giant geckos
  3 orcs (D:3)
  2 ball pythons
  3 giant cockroaches (D:2)
  3 goblins (D:2)
  5 hobgoblins
  7 bats
  5 giant newts
  8 kobolds
  14 rats
71 creatures vanquished.

Notes
Turn   | Place    | Note
--------------------------------------------------------------
     0 | D:1      | theY the Hill Orc Fighter began the quest for the Orb.
     0 | D:1      | Reached XP level 1. HP: 19/19 MP: 1/1
   187 | D:1      | Reached XP level 2. HP: 18/27 MP: 2/2
   616 | D:1      | Reached XP level 3. HP: 33/33 MP: 3/3
   683 | D:2      | Reached skill level 4 in Fighting
   731 | D:2      | Reached XP level 4. HP: 29/40 MP: 4/4
  1313 | D:2      | Found an ancient bone altar of Kikubaaqudgha.
  1358 | D:2      | Reached skill level 1 in Dodging
  1412 | D:3      | Reached XP level 5. HP: 35/47 MP: 5/5
  1864 | D:3      | Noticed Ijyb
  1878 | D:3      | Killed Ijyb
  1974 | D:3      | Noticed Crazy Yiuf
  1983 | D:3      | Killed Crazy Yiuf
  2433 | D:4      | Noticed an ogre
  2439 | D:4      | Killed an ogre
  2439 | D:4      | Reached skill level 5 in Fighting
  2439 | D:4      | Reached XP level 6. HP: 49/56 MP: 6/6
  2549 | D:4      | Noticed Blork the orc
  2576 | D:4      | Slain by Blork the orc

Skill      XL: |  1  2  3  4  5 |
---------------+----------------+-----
Axes           | 3 4 |  4.2
Fighting       | 4 5 |  5.0
Armour         | 4 |  4.7
Shields        | 4 |  4.4
Dodging        | 1 |  1.7
Stealth        | |  0.8

Action                   |  1- 3 |  4- 6 || total
-------------------------+-------+-------++-------
Melee: War axe           |    80 |   172 ||   252
  Eat: Chunk             |       |     5 ||     5
Armor: Scale mail        |    30 |    66 ||    96
Dodge: Dodged            |    23 |    59 ||    82
Block: Shield            |    38 |    97 ||   135
